TOP OF THE 1ST |
Fresno Deplorables batting - Pitching for Austin River Sharks : RHP Armando Pérez
|
Pitching: RHP Armando Pérez
|
|
Batting: RHB Dani Vázquez
|
0-0: Ball 1-0: Called Strike 1-1: Called Strike 1-2: Ball 2-2: Foul Ball, location: 2F 2-2: Ground out U3 (Groundball, 3L)
|
Batting: LHB Paul Mullins
|
0-0: Called Strike 0-1: Ball 1-1: Called Strike 1-2: Ball 2-2: Ground out U3 (Groundball, 34)
|
Batting: LHB Jeff Daniels
|
0-0: Ball 1-0: Fly out, F6 (Flyball, 6MD)
|
Top of the 1st over - 0 run(s), 0 hit(s), 0 error(s), 0 left on base; Fresno 0 - Austin 0 |
BOTTOM OF THE 1ST |
Austin River Sharks batting - Pitching for Fresno Deplorables : LHP Kip Manning
|
Pitching: LHP Kip Manning
|
|
Batting: RHB Todd Bryant
|
0-0: Ball 1-0: Ball 2-0: Called Strike 2-1: SINGLE (Groundball, 4D)
|
Batting: RHB Richard Coker
|
0-0: Ball 1-0: Ball 2-0: Called Strike 2-1: Ball 3-1: Foul Ball, location: 2F 3-2: Foul Ball, location: 2F 3-2: Foul Ball, location: 2F 3-2: Base on Balls Todd Bryant to second
|
Batting: LHB Greg Nelson
|
0-0: Ball 1-0: Foul Ball, location: 2F 1-1: Swinging Strike 1-2: Ball 2-2: Strikes out looking
|
Batting: RHB Manny Copriviza
|
0-0: Called Strike 0-1: Ball 1-1: Ball 2-1: Foul Ball, location: 2F 2-2: Ball 3-2: Foul Ball, location: 2F 3-2: Base on Balls Todd Bryant to third Richard Coker to second
|
Batting: LHB Enrico Vargas
|
0-0: Called Strike 0-1: Ball 1-1: Fielders Choice at 2nd, 4-6 (Groundball, 34) Todd Bryant scores Richard Coker to third
|
Batting: RHB Eric Neal
|
0-0: Called Strike 0-1: Ball 1-1: Ball 2-1: Ball 3-1: SINGLE (Groundball, 56S) (infield hit) Richard Coker scores Enrico Vargas to second
|
Batting: RHB Carlos Guzmán
|
0-0: Ball 1-0: SINGLE (Flyball, 34D) Enrico Vargas to third Eric Neal to second Runner from 3rd tries for Home, SAFE, no throw
|
Batting: LHB José Liñares
|
0-0: Foul Ball, location: 2F 0-1: Fielders Choice at 2nd, 4-6 (Groundball, 4)
|
Bottom of the 1st over - 3 run(s), 3 hit(s), 0 error(s), 1 left on base; Fresno 0 - Austin 3 |
TOP OF THE 2ND |
Fresno Deplorables batting - Pitching for Austin River Sharks : RHP Armando Pérez
|
Batting: LHB Troy Donaldson
|
0-0: Foul Ball, location: 2F 0-1: Ball 1-1: Ball 2-1: Ground out 6-3 (Groundball, 6)
|
Batting: RHB Paco Arellano
|
0-0: Ball 1-0: Called Strike 1-1: Ball 2-1: Ground out 1-3 (Groundball, 13)
|
Batting: RHB António Zúñiga
|
0-0: Called Strike 0-1: Foul Ball, location: 2F 0-2: Ball 1-2: Ground out U3 (Groundball, 3)
|
Top of the 2nd over - 0 run(s), 0 hit(s), 0 error(s), 0 left on base; Fresno 0 - Austin 3 |
BOTTOM OF THE 2ND |
Austin River Sharks batting - Pitching for Fresno Deplorables : LHP Kip Manning
|
Batting: RHB Teddy Bates
|
0-0: Ball 1-0: Called Strike 1-1: Ball 2-1: Swinging Strike 2-2: Strikes out swinging
|
Batting: RHB Todd Bryant
|
0-0: Ball 1-0: Called Strike 1-1: Fly out, F4 (Line Drive, 4)
|
Batting: RHB Richard Coker
|
0-0: Ball 1-0: Ball 2-0: Called Strike 2-1: Foul Ball, location: 2F 2-2: Ball 3-2: Base on Balls
|
Batting: LHB Greg Nelson
|
0-0: Ball 1-0: Ball 2-0: Foul Ball, location: 2F 2-1: Foul Ball, location: 2F 2-2: Strikes out swinging
|
Bottom of the 2nd over - 0 run(s), 0 hit(s), 0 error(s), 1 left on base; Fresno 0 - Austin 3 |
TOP OF THE 3RD |
Fresno Deplorables batting - Pitching for Austin River Sharks : RHP Armando Pérez
|
Batting: RHB Gabriel Miranda
|
0-0: Called Strike 0-1: Ground out 6-3 (Groundball, 6D)
|
Batting: RHB Robert Bly
|
0-0: Fly out, F3 (Line Drive, 34)
|
Batting: RHB Jesús Gutiérrez
|
0-0: Ball 1-0: Called Strike 1-1: Ground out 1-3 (Groundball, P)
|
Top of the 3rd over - 0 run(s), 0 hit(s), 0 error(s), 0 left on base; Fresno 0 - Austin 3 |
BOTTOM OF THE 3RD |
Austin River Sharks batting - Pitching for Fresno Deplorables : LHP Kip Manning
|
Batting: RHB Manny Copriviza
|
0-0: Foul Ball, location: 2F 0-1: Called Strike 0-2: Foul Ball, location: 2F 0-2: Foul Ball, location: 2F 0-2: Ball 1-2: Ball 2-2: Strikes out swinging
|
Batting: LHB Enrico Vargas
|
0-0: Called Strike 0-1: Ball 1-1: Swinging Strike 1-2: Ball 2-2: Foul Ball, location: 2F 2-2: Foul Ball, location: 2F 2-2: Fly out, F9 (Line Drive, 89M)
|
Batting: RHB Eric Neal
|
0-0: Ball 1-0: Swinging Strike 1-1: Called Strike 1-2: Strikes out looking
|
Bottom of the 3rd over - 0 run(s), 0 hit(s), 0 error(s), 0 left on base; Fresno 0 - Austin 3 |
TOP OF THE 4TH |
Fresno Deplorables batting - Pitching for Austin River Sharks : RHP Armando Pérez
|
Batting: RHB Dani Vázquez
|
0-0: Foul Ball, location: 2F 0-1: Ball 1-1: Fly out, F9 (Line Drive, 9S)
|
Batting: LHB Paul Mullins
|
0-0: Ball 1-0: Foul Ball, location: 2F 1-1: Swinging Strike 1-2: Foul Ball, location: 2F 1-2: Ball 2-2: Foul Ball, location: 2F 2-2: Ball 3-2: Base on Balls
|
Batting: LHB Jeff Daniels
|
0-0: Called Strike 0-1: Ball 1-1: Swinging Strike 1-2: SINGLE (Flyball, 7S) Paul Mullins to second
|
Batting: LHB Troy Donaldson
|
0-0: Foul Ball, location: 2F 0-1: Swinging Strike 0-2: Ball 1-2: Strikes out swinging
|
Batting: RHB Paco Arellano
|
0-0: Called Strike 0-1: Ball 1-1: Swinging Strike 1-2: Ball 2-2: Foul Ball, location: 2F 2-2: Foul Ball, location: 2F 2-2: Strikes out swinging
|
Top of the 4th over - 0 run(s), 1 hit(s), 0 error(s), 2 left on base; Fresno 0 - Austin 3 |
BOTTOM OF THE 4TH |
Austin River Sharks batting - Pitching for Fresno Deplorables : LHP Kip Manning
|
Batting: RHB Carlos Guzmán
|
0-0: Foul Ball, location: 2F 0-1: Fly out, F9 (Flyball, 9)
|
Batting: LHB José Liñares
|
0-0: Ball 1-0: Called Strike 1-1: Ground out U3 (Groundball, 3L)
|
Batting: RHB Teddy Bates
|
0-0: Called Strike 0-1: DOUBLE (Line Drive, 9D)
|
Batting: RHB Todd Bryant
|
0-0: Ball 1-0: Ball 2-0: Ground out 3-1 (Groundball, 34S)
|
Bottom of the 4th over - 0 run(s), 1 hit(s), 0 error(s), 1 left on base; Fresno 0 - Austin 3 |
TOP OF THE 5TH |
Fresno Deplorables batting - Pitching for Austin River Sharks : RHP Armando Pérez
|
Batting: RHB António Zúñiga
|
0-0: Swinging Strike 0-1: Ball 1-1: Ground out U3 (Groundball, 23)
|
Batting: RHB Gabriel Miranda
|
0-0: Ball 1-0: Ground out 5-3 (Groundball, 56)
|
Batting: RHB Robert Bly
|
0-0: Ball 1-0: DOUBLE (Line Drive, 7LM)
|
Batting: RHB Jesús Gutiérrez
|
0-0: Ball 1-0: Called Strike 1-1: Ground out 6-3 (Groundball, 6D)
|
Top of the 5th over - 0 run(s), 1 hit(s), 0 error(s), 1 left on base; Fresno 0 - Austin 3 |
BOTTOM OF THE 5TH |
Austin River Sharks batting - Pitching for Fresno Deplorables : LHP Kip Manning
|
Batting: RHB Richard Coker
|
0-0: Ball 1-0: Ball 2-0: Ball 3-0: Called Strike 3-1: Base on Balls
|
Pitching: LHP Allan Bader
|
|
Batting: LHB Greg Nelson
|
0-0: Called Strike 0-1: Ball 1-1: Foul Ball, location: 2F 1-2: Ball 2-2: Ball 3-2: Fly out, F7 (Flyball, 7)
|
Batting: RHB Manny Copriviza
|
0-0: Ball 1-0: Ball 2-0: Foul Ball, location: 2F 2-1: Called Strike 2-2: Foul Ball, location: 2F 2-2: Foul Ball, location: 2F 2-2: 2-RUN HOME RUN (Flyball, 7LD), Distance : 371 ft
|
Batting: LHB Enrico Vargas
|
0-0: Ground out U3 (Groundball, 3)
|
Batting: RHB Eric Neal
|
0-0: Called Strike 0-1: Ground out 6-3 (Groundball, 6)
|
Bottom of the 5th over - 2 run(s), 1 hit(s), 0 error(s), 0 left on base; Fresno 0 - Austin 5 |
TOP OF THE 6TH |
Fresno Deplorables batting - Pitching for Austin River Sharks : RHP Armando Pérez
|
Batting: RHB Dani Vázquez
|
0-0: Called Strike 0-1: Ball 1-1: Ball 2-1: Foul Ball, location: 2F 2-2: Ball 3-2: Foul Ball, location: 2F 3-2: DOUBLE (Line Drive, 5D)
|
Batting: LHB Paul Mullins
|
0-0: Called Strike 0-1: Foul Ball, location: 2F 0-2: Ball 1-2: Foul Ball, location: 2F 1-2: Ball 2-2: Ground out 6-3 (Groundball, 6S) Dani Vázquez to third
|
Batting: LHB Jeff Daniels
|
0-0: Fly out, F9 (Flyball, 9LS)
|
Batting: LHB Troy Donaldson
|
0-0: Ball 1-0: Ball 2-0: Ball 3-0: Base on Balls
|
Batting: RHB Paco Arellano
|
0-0: Fly out, F9 (Flyball, 9)
|
Top of the 6th over - 0 run(s), 1 hit(s), 0 error(s), 2 left on base; Fresno 0 - Austin 5 |
BOTTOM OF THE 6TH |
Austin River Sharks batting - Pitching for Fresno Deplorables : LHP Allan Bader
|
Batting: RHB Carlos Guzmán
|
0-0: SINGLE (Line Drive, 89S)
|
Batting: LHB José Liñares
|
0-0: Grounds into double play, 4-6-3 (Groundball, 4)
|
Batting: RHB Teddy Bates
|
0-0: Foul Ball, location: 2F 0-1: Ball 1-1: Swinging Strike 1-2: Foul Ball, location: 2F 1-2: Ball 2-2: Ball 3-2: Ground out 6-3 (Groundball, 6)
|
Bottom of the 6th over - 0 run(s), 1 hit(s), 0 error(s), 0 left on base; Fresno 0 - Austin 5 |
TOP OF THE 7TH |
Fresno Deplorables batting - Pitching for Austin River Sharks : RHP Armando Pérez
|
Batting: RHB António Zúñiga
|
0-0: Called Strike 0-1: Ball 1-1: DOUBLE (Line Drive, 9LM)
|
Pinch Runner at 2nd Peter Hensley:
|
|
Batting: RHB Gabriel Miranda
|
0-0: Ground out 5-3 (Groundball, 56)
|
Batting: RHB Robert Bly
|
0-0: SINGLE (Groundball, 6MD) Peter Hensley to third Runner from 3rd tries for Home, SAFE, throw made home
|
Batting: RHB Jesús Gutiérrez
|
0-0: Foul Ball, location: 2F 0-1: Grounds into double play, 1-4-3 (Groundball, 15)
|
Top of the 7th over - 1 run(s), 2 hit(s), 0 error(s), 0 left on base; Fresno 1 - Austin 5 |
BOTTOM OF THE 7TH |
Austin River Sharks batting - Pitching for Fresno Deplorables : LHP Allan Bader
|
Now in CF: Peter Hensley
|
|
Batting: RHB Todd Bryant
|
0-0: Called Strike 0-1: SINGLE (Groundball, 34D)
|
Batting: RHB Richard Coker
|
0-0: Ball 1-0: Swinging Strike 1-1: Foul Ball, location: 2F 1-2: Ball 2-2: Ball 3-2: Foul Ball, location: 2F 3-2: SINGLE (Groundball, 56D) Todd Bryant to second
|
Batting: LHB Greg Nelson
|
0-0: Ball 1-0: Ball 2-0: Swinging Strike 2-1: Ball 3-1: Swinging Strike 3-2: Fielders Choice at 2nd, 6-4 (Groundball, 6) Todd Bryant to third
|
Batting: RHB Manny Copriviza
|
0-0: Foul Ball, location: 2F 0-1: Ball 1-1: Ball 2-1: DOUBLE (Line Drive, 7LM) Todd Bryant scores Greg Nelson to third
|
Batting: LHB Enrico Vargas
|
0-0: Called Strike 0-1: Foul Ball, location: 2F 0-2: Ball 1-2: Foul Ball, location: 2F 1-2: Ground out 4-3 (Groundball, 4) Greg Nelson scores Manny Copriviza to third
|
Batting: RHB Eric Neal
|
0-0: Ball 1-0: Called Strike 1-1: Foul Ball, location: 2F 1-2: Ball 2-2: Fly out, F5 (Popup, 5S)
|
Bottom of the 7th over - 2 run(s), 3 hit(s), 0 error(s), 1 left on base; Fresno 1 - Austin 7 |
TOP OF THE 8TH |
Fresno Deplorables batting - Pitching for Austin River Sharks : RHP Armando Pérez
|
Pitching: RHP José Salinas
|
|
Batting: RHB Dani Vázquez
|
0-0: Called Strike 0-1: Ground out 4-3 (Groundball, 4)
|
Batting: LHB Paul Mullins
|
0-0: Foul Ball, location: 2F 0-1: Swinging Strike 0-2: Ball 1-2: Ball 2-2: Ball 3-2: Strikes out looking
|
Batting: LHB Jeff Daniels
|
0-0: Called Strike 0-1: Ball 1-1: Foul Ball, location: 2F 1-2: Strikes out swinging
|
Top of the 8th over - 0 run(s), 0 hit(s), 0 error(s), 0 left on base; Fresno 1 - Austin 7 |
BOTTOM OF THE 8TH |
Austin River Sharks batting - Pitching for Fresno Deplorables : LHP Allan Bader
|
Pitching: RHP Manuel Fuentes
|
|
Batting: RHB Carlos Guzmán
|
0-0: Ball 1-0: Ball 2-0: SOLO HOME RUN (Flyball, 7D), Distance : 406 ft
|
Batting: LHB José Liñares
|
0-0: Ball 1-0: Fly out, F6 (Popup, 6D)
|
Batting: RHB Teddy Bates
|
0-0: Called Strike 0-1: Foul Ball, location: 2F 0-2: Strikes out swinging
|
Batting: RHB Todd Bryant
|
0-0: Called Strike 0-1: SOLO HOME RUN (Line Drive, 78XD), Distance : 420 ft
|
Batting: RHB Richard Coker
|
0-0: Ball 1-0: Ground out 1-3 (Groundball, 13)
|
Bottom of the 8th over - 2 run(s), 2 hit(s), 0 error(s), 0 left on base; Fresno 1 - Austin 9 |
TOP OF THE 9TH |
Fresno Deplorables batting - Pitching for Austin River Sharks : RHP José Salinas
|
Batting: LHB Troy Donaldson
|
0-0: Ball 1-0: Foul Ball, location: 2F 1-1: SINGLE (Line Drive, 56)
|
Batting: RHB Paco Arellano
|
0-0: Called Strike 0-1: Ball 1-1: Called Strike 1-2: Strikes out swinging
|
Batting: RHB Peter Hensley
|
0-0: Called Strike 0-1: Swinging Strike 0-2: Foul Ball, location: 2F 0-2: Ball 1-2: Grounds into double play, 5-4-3 (Groundball, 5)
|
Top of the 9th over - 0 run(s), 1 hit(s), 0 error(s), 0 left on base; Fresno 1 - Austin 9 |
|